 Dungeon Crawl Stone Soup version 0.32-a0-141-g04fe69798e (webtiles) character file.

Game seed: 16852989681681774628

104015 Colgate the Slayer (level 16, -15/169 HPs)
             Began as a Hill Orc Gladiator on Feb 11, 2024.
             Was a High Priest of Okawaru.
             Demolished by a titanic slime creature (79 damage)
             ... on level 12 of the Dungeon.
             The game lasted 02:24:55 (39101 turns).

Colgate the Slayer (Hill Orc Gladiator)            Turns: 39101, Time: 02:24:55

Health: -15/169    AC: 40    Str: 25    XL:     16   Next: 37%
Magic:  25/25      EV:  6    Int:  8    God:    Okawaru [*****.]
Gold:   855        SH:  0    Dex: 12    Spells: 15/15 levels left

rFire   + . .        a - +6 flail (drain)
rCold   + . .        (no shield)
rNeg    . . .        r - +1 crystal plate armour {rC+}
rPois   .            c - +2 helmet
rElec   .            C - +2 cloak {rF+}
rCorr   .            D - +0 pair of gloves
SInv    +            l - +2 pair of boots
Will    +....        V - amulet of faith Stlth
                     z - +4 ring of protection
HPRegen 0.48/turn    o - ring of see invisible
MPRegen 0.19/turn

%: faith
@: no status effects
A: no striking features
a: Renounce Religion, Heroism, Finesse, Duel


You were on level 12 of the Dungeon.
You worshipped Okawaru.
Okawaru was extremely pleased with you.
You visited 4 branches of the dungeon, and saw 21 of its levels.
You also visited: Ice Cave.

You collected 1821 gold pieces.
You spent 966 gold pieces at shops.

Inventory:

Hand Weapons
 a - a +6 flail of draining (weapon)
 b - a +2 battleaxe of electrocution
Missiles
 d - 3 throwing nets {!f}
 w - 23 poisoned darts (quivered)
 G - 41 boomerangs
 P - 9 javelins
 R - 4 silver javelins
 X - 2 curare-tipped darts
Armour
 c - a +2 helmet (worn)
 l - a +2 pair of boots (worn)
 r - a +1 crystal plate armour of cold resistance (worn)
 C - a +2 cloak of fire resistance (worn)
 D - a +0 pair of gloves (worn)
Jewellery
 o - a ring of see invisible (right hand)
 q - a ring of protection from cold
 z - a +4 ring of protection (left hand)
 B - a ring of poison resistance
 H - the ring "Lopuax" {rElec rCorr Stlth+}
   (You found it on level 4 of the Lair of Beasts)

   [ring of resist corrosion]

   rElec:     It insulates you from electricity.
   rCorr:     It protects you from acid and corrosion.
   Stlth+:    It makes you more stealthy.
 T - a ring of flight
 V - an amulet of faith (around neck)
Wands
 e - a wand of flame (24)
 h - a wand of roots (24) {@v2}
 E - a wand of quicksilver (12) {@v1}
 L - a wand of polymorph (1)
 U - a wand of mindburst (9)
Scrolls
 j - 12 scrolls of teleportation {@r3}
 n - 2 scrolls of silence
 p - 2 scrolls of revelation
 t - 3 scrolls of immolation
 y - a scroll of torment
 A - 3 scrolls of amnesia
 M - 5 scrolls of fear
 S - a scroll of vulnerability
 W - a scroll of poison {unknown}
Potions
 f - a potion of invisibility
 g - 2 potions of magic
 i - 2 potions of cancellation
 k - 8 potions of curing {@q1}
 m - 2 potions of enlightenment
 s - 2 potions of lignification
 u - a potion of heal wounds {@q2}
 v - 2 potions of might {@q3}
 x - a potion of brilliance
 F - 2 potions of attraction
 J - 6 potions of haste {@q4}
 K - a potion of berserk rage
 N - a potion of mutation
 O - 3 potions of ambrosia
 Q - 4 potions of resistance {@q5}
Miscellaneous
 I - a lightning rod (4/4)


   Skills:
 - Level 22.2 Fighting
 - Level 3.2 Maces & Flails
 + Level 15.0 Throwing
 - Level 13.6 Armour
 - Level 2.4 Dodging
 - Level 12.0 Invocations
 - Level 9.0 Evocations


You had 15 spell levels left.
You didn't know any spells.
Your spell library contained the following spells:

 Spells                   Type           Power      Damage    Failure   Level
 Scorch                   Fire           0%         2d5       100%        2
 Sublimation of Blood     Necr           0%         N/A       100%        2
 Confusing Touch          Hex            0%         N/A       100%        3
 Dazzling Flash           Conj/Hex       0%         N/A       100%        3
 Frozen Ramparts          Ice            0%         1d1       100%        3
 Inner Flame              Hex/Fire       0%         N/A       100%        3
 Mephitic Cloud           Conj/Alch/Air  0%         N/A       100%        3
 Flame Wave               Conj/Fire      0%         2d4       100%        4
 Leda's Liquefaction      Alch/Erth      0%         N/A       100%        4
 Olgreb's Toxic Radiance  Alch           0%         N/A       100%        4
 Petrify                  Alch/Erth      0%         N/A       100%        4
 Curse of Agony           Necr           0%         N/A       100%        5
 Irradiate                Conj/Alch      0%         3d11      100%        5
 Lee's Rapid Deconstruct  Erth           0%         3d4*      100%        5
 Metabolic Englaciation   Hex/Ice        0%         N/A       100%        5
 Silence                  Hex/Air        0%         N/A       100%        5
 Starburst                Conj/Fire      0%         6d3       100%        6
 Orb of Destruction       Conj           0%         9d5       100%        7
 Ozocubu's Refrigeration  Ice            0%         4d7       100%        7
 Discord                  Hex            0%         N/A       100%        8
 Polar Vortex             Ice            0%         N/A       100%        9
 Call Imp                 Summ           Unusable   N/A       N/A         2
 Sculpt Simulacrum        Ice/Alch       Unusable   N/A       N/A         6
 Summon Cactus Giant      Summ           Unusable   N/A       N/A         6
 Summon Hydra             Summ           Unusable   N/A       N/A         7

Dungeon Overview and Level Annotations

Branches:
Dungeon (13/15)            Temple (1/1) D:6            Lair (5/5) D:10
 Shoals (0/4) Lair:2       Spider (0/4) Lair:3        Slime (0/5) Lair:4
    Orc (2/2) D:9             Elf (0/3) Orc:2         IceCv (visited)
 Vaults: D:13-14

Altars:
Ashenzari
Cheibriados
Dithmenos
Elyvilon
Fedhas
Gozag
Hepliaklqana
Kikubaaqudgha
Makhleb
Nemelex Xobeh
Okawaru
Qazlal
Ru
Sif Muna
Trog
Uskayaw
Vehumet
Wu Jian
Xom
Yredelemnul
Zin
The Shining One
Beogh
Jiyva

Shops:
D:1 =   D:4 *   D:6 [   Orc:2 [:(*

Annotations:
D:5 troll


Message History

There is a stone staircase leading up here.
You climb upwards.
There is a stone staircase leading down here.
You climb downwards.
The titanic slime creature hits you!!! x2
There is a stone staircase leading up, spattered with blood here.
You climb upwards.
There is a stone staircase leading down here.
You start resting.
HP restored.
You climb downwards.
There is a stone staircase leading up, spattered with blood here.
The slime creature hits you but does no damage.
You climb upwards.
There is a stone staircase leading down here.
You sock the slime creature! You drain the slime creature.
The slime creature hits you!
You sock the slime creature! The slime creature barely misses you.
The slime creature hits you.
You hit the slime creature. You drain the slime creature.
The slime creature hits you but does no damage.
You sock the slime creature! You punch the slime creature.
The slime creature hits you.
You hit the slime creature. Your punch misses the slime creature.
The slime creature hits you but does no damage.
You sock the slime creature!
You kill the slime creature!
Okawaru accepts your kill.
You start resting.
HP restored.
You climb downwards.
The titanic slime creature hits you!!! x2
There is a stone staircase leading up, spattered with blood here.
The titanic slime creature hits you!
You climb upwards.
There is a stone staircase leading down, spattered with blood here.
Aiming: Polymorph
Press: ? - help, Shift-Dir - straight line, f - titanic slime creature
Aim: a titanic slime creature (will probably split, will become a ghost moth, an anaconda, or a skyshark, chance to affect: 51%)
The titanic slime creature resists with significant effort.
The titanic slime creature hits you!!!!
You die...

#...............##+###...#.....#
#....................#...#.....#
#.......#'#######....#...#.....#
####....#.......#....#...#.....#
#....#.......#....#...#####'#
##.(.#.......#....#..........
#...#.......#....#..........
#...#########....#..<......^
#........>J@.....###########
#...........................
#####........###############
#####....# #....# #....# #....#
######


You could see a titanic slime creature.

Vanquished Creatures
  Jorgrun (D:12)
  A frost giant (Arena)
  An orc warlord (Orc:2)
  The ghost of Porueniw the Basher, a journeyman OpCK of Gozag (Orc:1)
  Snorg (Orc:2)
  Josephine (Orc:1)
  3 hydras
  2 catoblepae
  3 boulder beetles
  14 death yaks
  4 two-headed ogres
  4 orc high priests (Orc:2)
  3 skysharks
  4 orc knights (Orc:2)
  4 orc sorcerers (Orc:2)
  2 oklob plants (Lair:2)
  4 cyclopes
  Maurice (D:7)
  An ice statue (IceCv)
  3 manticores
  29 elephants
  5 black mambas
  6 kobold blastminers (Orc:2)
  Maggie (D:7)
  Joseph (D:7)
  13 cane toads
  2 torpor snails (Lair:5)
  9 rime drakes
  Jeremiah (D:6)
  2 kobold demonologists (D:10)
  12 komodo dragons
  8 trolls
  3 merfolk (Lair:2)
  8 hornets
  15 polar bears
  Grinder (D:6)
  25 blink frogs
  8 dream sheep
  A slime creature (D:12)
  A culicivora (Lair:3)
  13 spriggans
  A vampire (D:10)
  4 jumping spiders (Lair:3)
  3 shadows (D:11)
  7 wraiths
  4 wyverns
  2 basilisks
  59 yaks
  Grum (D:8)
  7 wargs
  13 steam dragons
  Menkaure (D:5)
  2 redbacks (Lair:3)
  3 vampire mosquitoes (D:10)
  Edmund (D:5)
  2 acid dragons
  Duvessa (D:6)
  13 water moccasins
  39 orc warriors
  2 ice beasts
  5 black bears
  13 ogres
  4 boggarts (Lair:5)
  40 wolves
  12 centaurs
  3 phantoms
  A kobold brigand (D:8)
  Blork the orc (D:5)
  15 bullfrogs
  3 gnoll sergeants
  2 wyvern zombies (D:7)
  3 scorpions
  6 wights (D:7)
  Dowan (D:6)
  2 howler monkeys
  A bullfrog zombie (D:7)
  2 bombardier beetles (D:6)
  2 centaur zombies (D:7)
  6 crimson imps (D:9)
  3 hounds
  6 jellies
  35 orc priests
  A sleepcap (D:2)
  Jessica (D:3)
  Terence (D:3)
  Ijyb (D:3)
  2 iguanas (D:7)
  34 orc wizards
  A killer bee zombie (D:7)
  A howler monkey zombie (D:7)
  Robin (D:3)
  13 gnolls
  12 adders
  2 river rats (D:10)
  2 shadow imps
  2 white imps (D:9)
  3 dart slugs
  5 ribbon worms
  110 orcs
  8 ball pythons
  13 endoplasms
  3 giant cockroaches
  12 goblins
  6 hobgoblins
  6 jackals
  4 quokkas
  7 bats
  4 frilled lizards
  4 kobolds
  2 rats
814 creatures vanquished.

Vanquished Creatures (others)
  2 blink frogs (Lair:3)
  An orc priest (Orc:2)
3 creatures vanquished.

Grand Total: 817 creatures vanquished

Notes
Turn   | Place    | Note
-------+----------+-------------------------------------------
     0 | D:1      | Colgate the Hill Orc Gladiator began the quest for the Orb.
     0 | D:1      | Reached XP level 1. HP: 18/18 MP: 1/1
   203 | D:1      | Reached skill level 3 in Fighting
   209 | D:1      | Reached XP level 2. HP: 23/26 MP: 2/2
   584 | D:1      | Found Birghuntu's Jewellery Shoppe.
   610 | D:1      | Reached skill level 4 in Fighting
   940 | D:2      | Reached XP level 3. HP: 33/33 MP: 3/3
  1169 | D:2      | Reached skill level 5 in Fighting
  1244 | D:2      | Reached XP level 4. HP: 42/42 MP: 4/4
  1394 | D:3      | Noticed Terence
  1419 | D:3      | Noticed Robin
  1611 | D:3      | Killed Robin
  1973 | D:3      | Noticed Jessica
  1980 | D:3      | Killed Jessica
  1981 | D:3      | Reached skill level 6 in Fighting
  1981 | D:3      | Reached XP level 5. HP: 48/51 MP: 5/5
  2097 | D:3      | Noticed Ijyb
  2200 | D:3      | Killed Ijyb
  2201 | D:3      | Reached skill level 7 in Fighting
  2652 | D:4      | Reached skill level 1 in Armour
  2652 | D:4      | Reached XP level 6. HP: 48/60 MP: 6/6
  3245 | D:4      | Found Dieri's Fire Supplies.
  3423 | D:4      | Got the Vademecum on Variable Hexes
  3818 | D:4      | Found Dieri's Fire Supplies.
  3866 | D:4      | Reached XP level 7. HP: 66/66 MP: 7/7
  4082 | D:5      | Entered Level 5 of the Dungeon
  4125 | D:5      | Reached skill level 8 in Fighting
  4204 | D:4      | Bought a +2 cloak of fire resistance for 258 gold pieces
  4278 | D:5      | Noticed Blork the orc
  4297 | D:5      | Killed Blork the orc
  4357 | D:5      | Noticed Edmund
  4461 | D:3      | Killed Terence
  4935 | D:5      | Noticed a troll
  5091 | D:5      | Reached skill level 5 in Armour
  5305 | D:5      | Killed Edmund
  5306 | D:5      | Reached XP level 8. HP: 63/72 MP: 8/8
  6029 | D:5      | Found a shimmering blue altar of Sif Muna.
  6129 | D:6      | Found Pudes's Antique Armour Shop.
  6303 | D:6      | Noticed Duvessa
  6331 | D:6      | Killed Duvessa
  6345 | D:6      | Noticed Dowan
  6370 | D:6      | Noticed Menkaure
  6371 | D:6      | Noticed Grinder
  6386 | D:5      | Killed Menkaure
  6387 | D:5      | Reached skill level 9 in Fighting
  6495 | D:6      | Paralysed by Grinder for 4 turns
  6502 | D:6      | Found a staircase to the Ecumenical Temple.
  6510 | D:6      | Paralysed by Grinder for 4 turns
  6518 | Temple   | Entered the Ecumenical Temple
  6540 | Temple   | Became a worshipper of Warmaster Okawaru
  6543 | Temple   | HP: 3/78 [orc/+0 hand axe (2)]
  6544 | Temple   | HP: 1/78 [something (2)]
  6795 | D:6      | Killed Grinder
  6796 | D:6      | Reached skill level 10 in Fighting
  6796 | D:6      | Reached XP level 9. HP: 79/86 MP: 9/9
  6849 | D:6      | Killed Dowan
  7037 | D:6      | Reached skill level 11 in Fighting
  7318 | D:6      | Noticed Jeremiah
  7345 | D:6      | Killed Jeremiah
  7345 | D:6      | Reached * piety under Okawaru
  7728 | D:6      | Reached skill level 12 in Fighting
  7758 | D:6      | Noticed a troll
  7858 | D:6      | Found an opulent altar of Gozag.
  8154 | D:7      | Noticed Maggie
  8170 | D:7      | Killed Maggie
  8170 | D:7      | Reached ** piety under Okawaru
  8171 | D:7      | Reached skill level 13 in Fighting
  8228 | D:7      | Reached XP level 10. HP: 101/101 MP: 8/12
  8457 | D:7      | Noticed Maurice
  8856 | D:5      | Reached skill level 14 in Fighting
  9143 | D:5      | Found a shimmering blue altar of Sif Muna.
  9373 | D:7      | Noticed Joseph
  9582 | D:7      | Found a blossoming altar of Fedhas.
  9583 | D:7      | Found an ancient bone altar of Kikubaaqudgha.
  9649 | D:7      | Found a sparkling altar of Nemelex Xobeh.
 10099 | D:7      | Maurice stole 132 gold
 10103 | D:7      | Killed Maurice
 10493 | D:7      | Killed Joseph
 10494 | D:7      | Reached skill level 15 in Fighting
 10556 | D:8      | Reached skill level 1 in Evocations
 10610 | D:8      | Noticed Grum
 10639 | D:8      | Killed Grum
 11292 | D:9      | Reached *** piety under Okawaru
 11362 | D:9      | Found a staircase to the Orcish Mines.
 11440 | D:9      | Reached skill level 5 in Throwing
 11671 | D:1      | Bought a ring of see invisible for 180 gold pieces
 11892 | D:9      | Reached XP level 11. HP: 112/112 MP: 14/14
 12065 | D:9      | Found a shadowy altar of Dithmenos.
 12095 | D:9      | Noticed a two-headed ogre
 12129 | D:9      | Killed a two-headed ogre
 12228 | D:9      | Reached skill level 5 in Evocations
 12460 | D:4      | Bought a scroll of immolation for 48 gold pieces
 12807 | D:9      | Identified the +5 battleaxe of Rikaaf {protect, Stlth+}
 12982 | D:9      | Reached **** piety under Okawaru
 13037 | D:9      | Identified the flux talisman of the Blue Moon {MP-9 Int+3
                  | Stlth+}
 13116 | D:10     | Entered Level 10 of the Dungeon
 13176 | D:9      | Reached skill level 16 in Fighting
 13257 | D:10     | Reached skill level 17 in Fighting
 13278 | D:10     | Reached ***** piety under Okawaru
 13290 | D:10     | Reached skill level 18 in Fighting
 13592 | D:10     | Noticed a death yak
 13592 | D:10     | Noticed a death yak
 13642 | D:10     | Killed a death yak
 13657 | D:10     | Killed a death yak
 13658 | D:10     | Reached skill level 19 in Fighting
 13782 | D:10     | Identified the +5 ring mail of the Constellations {rC-
                  | rN+++ Str+3 Slay-6}
 14254 | D:10     | Found a staircase to the Lair.
 14328 | D:10     | Reached skill level 20 in Fighting
 14328 | D:10     | Reached XP level 12. HP: 123/133 MP: 15/15
 14441 | D:10     | Found a basalt altar of Yredelemnul.
 14447 | D:10     | Found a glowing golden altar of the Shining One.
 14449 | D:10     | Noticed an angel
 15211 | D:11     | Reached skill level 21 in Fighting
 15341 | D:11     | Found a hide-covered altar of Uskayaw.
 15856 | Lair:1   | Entered Level 1 of the Lair of Beasts
 15969 | Lair:1   | Noticed a boulder beetle
 15984 | Lair:1   | Killed a boulder beetle
 15985 | Lair:1   | Reached skill level 22 in Fighting
 16358 | Lair:1   | Received a gift from Okawaru
 16359 | Lair:1   | Reached skill level 5 in Invocations
 17241 | Lair:1   | Received a gift from Okawaru
 17249 | Lair:1   | Reached skill level 10 in Invocations
 17530 | Lair:2   | Noticed a six-headed hydra
 17826 | Lair:2   | Noticed a catoblepas
 17849 | Lair:1   | Killed a catoblepas
 17850 | Lair:1   | Reached XP level 13. HP: 122/145 MP: 21/21
 18762 | Lair:2   | Received a gift from Okawaru
 19308 | Lair:2   | You fall into a shaft and drop 1 floor!
 19768 | Lair:3   | Found a frozen archway.
 19794 | IceCv    | Entered an ice cave
 20120 | IceCv    | Received a gift from Okawaru
 20519 | IceCv    | Reached skill level 10 in Throwing
 20734 | IceCv    | Noticed a frost giant
 20737 | Arena    | Entered the Arena
 20748 | Arena    | Killed a frost giant
 20749 | Arena    | Reached XP level 14. HP: 136/154 MP: 9/23
 21213 | Lair:3   | Got the Information on Violence and the Cwm
 21791 | Lair:2   | Found a staircase to the Shoals.
 23693 | Lair:3   | Found a hole to the Spider Nest.
 24589 | Lair:4   | Received a gift from Okawaru
 24858 | Lair:3   | Found a hole to the Spider Nest.
 25990 | Lair:4   | Identified the ring "Lopuax" {rElec rCorr Stlth+}
 26019 | Lair:4   | Found a staircase to the Slime Pits.
 26019 | Lair:4   | Found a viscous altar of Jiyva.
 26511 | Lair:4   | Found a shadowy altar of Dithmenos.
 26793 | D:1      | Bought an amulet of faith for 480 gold pieces
 27303 | Lair:4   | Found a shadowy altar of Dithmenos.
 27604 | Lair:4   | Found a staircase to the Slime Pits.
 27604 | Lair:4   | Found a viscous altar of Jiyva.
 27666 | Lair:5   | Entered Level 5 of the Lair of Beasts
 28225 | Lair:4   | Reached XP level 15. HP: 69/160 MP: 24/24
 29082 | Lair:5   | Reached skill level 10 in Armour
 29390 | Lair:5   | Received a gift from Okawaru
 30131 | Lair:5   | Received a gift from Okawaru
 31846 | Orc:1    | Entered Level 1 of the Orcish Mines
 32184 | Orc:1    | Noticed Josephine
 32190 | Orc:1    | Killed Josephine
 32339 | Orc:1    | Found a runed translucent door.
 32340 | Orc:1    | Noticed Porueniw's ghost (journeyman OpCK)
 32458 | Orc:1    | Received a gift from Okawaru
 32941 | Orc:1    | Killed Porueniw's ghost
 33022 | Orc:2    | Entered Level 2 of the Orcish Mines
 34445 | Orc:2    | Noticed Snorg
 34460 | Orc:2    | Killed Snorg
 34758 | Orc:2    | Found a staircase to the Elven Halls.
 34888 | Orc:2    | Received a gift from Okawaru
 35343 | Orc:2    | Noticed an orc warlord
 35362 | Orc:2    | Reached XP level 16. HP: 166/169 MP: 23/25
 35645 | Orc:2    | Found Etishroef's Antique Armour Shoppe.
 35743 | Orc:2    | Found a roughly hewn altar of Beogh.
 35950 | Orc:2    | Found Denolym's Book Boutique.
 36289 | Orc:2    | Found Dukhle Uwiss's Assorted Antiques.
 36348 | Orc:2    | Found a roughly hewn altar of Beogh.
 36476 | Orc:2    | Received a gift from Okawaru
 36714 | Orc:2    | Found Rufazu's Antique Weapon Shoppe.
 37506 | D:12     | Noticed Jorgrun
 37519 | D:12     | Killed Jorgrun
 38206 | D:12     | Reached skill level 15 in Throwing
 39101 | D:12     | Demolished by a titanic slime creature

Illustrated notes

Levels and vault maps discovered:
D:1:      ebering_trefoil_3fold, layout_basic, serial_shops, shop,
          chequers_big_river, minmay_bisected
D:2:      layout_rooms
D:3:      layout_rooms, grunt_ministairs_6, minmay_fractal_squares_5,
          uniq_terence, uniq_robin, uniq_jessica, uniq_ijyb
D:4:      layout_loops_ring, nicolae_shop_fire_sale [nicolae_sub_dead_trees]
D:5:      layout_loops_ring, led_sif_pool, dk_noncrumbling_4,
          hangedman_decor_peaks_small, chequers_serial_rivers_large_a,
          uniq_blork_the_orc, uniq_edmund
D:6:      layout_basic, kennysheep_mini_moat, minmay_temple_entry_junction_2,
          serial_shops, nicolae_shop_tiny_glass, dreamdust_mushroom_princess,
          lightli_corner_chamber, uniq_menkaure, uniq_grinder, uniq_jeremiah,
          uniq_duvessa
D:7:      layout_loops_corners, nemelex_diamond_rough_becter,
          grunt_temple_overflow_growth_and_decay, serial_undead,
          serial_undead_e, serial_undead_f, serial_undead_e, serial_undead_c,
          small_statue_intersection, grunt_ministairs_14,
          minmay_misc_feat_ornament, serial_library_hellmonk_big_corner,
          uniq_maggie, uniq_joseph, uniq_maurice
D:8:      layout_rooms, blue_anna_alchemist, uniq_grum
D:9:      layout_roguey, old_standard_altar, david_orc_3, minmay_nine_imps
D:10:     layout_big_octagon, grunt_temple_overflow_holy_war,
          dpeg_lair_monsters, kennysheep_potato
D:11:     layout_cave_pools, nicolae_uskayaw_murder_on_the_dancefloor
D:12:     layout_irregular_city, uniq_jorgrun
D:13:     layout_basic, david_vaults_4, serial_shops, nicolae_shop_behind_doors
Temple:   nicolae_temple_superstar
Lair:1:   layout_layer_cave
Lair:2:   minmay_lair_oklob_chamber, layout_hall_layers,
          mainiacjoe_shoals_entry_four_pools, wad_woods_03
Lair:3:   layout_layer_cave, nicolae_spider_entry_tight_spaces,
          portal_ice_cave_entry_pillars_2, bobbens_dragon_lair_wall
Lair:4:   layout_hall_layers, nicolae_slime_entry_slimehenge, basic_altar,
          grunt_megastairs_3, serial_bayou_shore_b, lemuel_fruit_fields
Lair:5:   minmay_lair_end_enchanted_forest, layout_misc_corridors,
          grunt_megastairs_2, lemuel_fruit_fields
Orc:1:    layout_caves, ebering_ghost_reflecting_pool, uniq_josephine
Orc:2:    pubby_orc_utopia, uniq_snorg

Skill      XL: |  1  2  3  4  5  6  7  8  9 10 11 12 13 14 15 16 |
---------------+-------------------------------------------------+-----
Fighting       | 3 4 5 6 7 8 10 13 15 20 22 | 22.2
Armour         | 1 3 6 8 13 | 13.6
Throwing       | 2 5 10 13 15 | 15.0
Invocations    | 3 4 11 12 | 12.0
Evocations     | 2 5 9 |  9.0
Maces & Flails | |  3.2
Dodging        | |  2.4

Action                     |  1- 3 |  4- 6 |  7- 9 | 10-12 | 13-15 | 16-18 || total
---------------------------+-------+-------+-------+-------+-------+-------++-------
  Melee: Flail             |    13 |    20 |   165 |   614 |  1710 |   241 ||  2763
         Dagger            |    74 |   207 |    53 |       |       |       ||   334
         Punch             |     1 |    12 |    12 |    61 |   227 |    35 ||   348
         Dire flail        |       |       |    68 |   103 |       |       ||   171
         Morningstar       |       |       |    15 |       |       |       ||    15
         Battleaxe         |       |       |       |    37 |       |     1 ||    38
         Glaive            |       |       |       |       |    25 |       ||    25
  Throw: Dart              |       |       |    35 |    35 |     3 |    34 ||   107
         Throwing net      |       |       |     1 |       |       |       ||     1
         Javelin           |       |       |     1 |     1 |    16 |    10 ||    28
         Boomerang         |       |       |       |    22 |    89 |    18 ||   129
 Invoke: Heroism           |       |       |     2 |     9 |    21 |     2 ||    34
         Finesse           |       |       |       |     1 |     2 |       ||     3
         Duel              |       |       |       |       |     1 |       ||     1
  Evoke: Wand              |       |       |     3 |     7 |    10 |     1 ||    21
    Use: Scroll            |       |     4 |       |    18 |     4 |     6 ||    32
         Potion            |       |       |     3 |       |     2 |       ||     5
   Stab: Distracted        |       |     1 |       |       |       |       ||     1
         Held in net/web   |       |       |     1 |       |       |       ||     1
         Petrified         |       |       |       |       |     4 |       ||     4
 Armour: Leather armour    |    52 |   104 |       |       |       |       ||   156
         Scale mail        |       |    11 |       |       |       |       ||    11
         Plate armour      |       |    37 |   227 |       |       |       ||   264
         Chain mail        |       |       |    53 |   789 |   446 |       ||  1288
         Crystal plate arm |       |       |       |       |  2399 |   356 ||  2755
  Dodge: Dodged            |    52 |   118 |    90 |   382 |   820 |    95 ||  1557
  Block: Other             |       |    20 |    76 |   200 |   182 |       ||   478
         Reflection        |       |       |     2 |    14 |     3 |       ||    19

Table legend: (Time is in decaauts)
 A = Elapsed time spent in this place.
 B = Non-inter-level travel time spent in this place.
 C = Inter-level travel time spent in this place.
 D = Time resting spent in this place.
 E = Time spent auto-exploring this place.
 F = Levels seen in this place.
 G = Mean time per level.
                   A        B        C        D        E       F      G
               +--------+--------+--------+--------+--------+-----+--------+
         Total |  39814 |  36533 |   3281 |   6382 |  20969 |  23 | 1731.0 |
       Dungeon |  18073 |  15641 |   2432 |   1513 |  10049 |  13 | 1390.2 |
        Temple |    260 |    252 |      8 |    176 |      0 |   1 |  260.0 |
          Lair |  14500 |  13938 |    562 |   3504 |   7151 |   5 | 2900.0 |
  Orcish Mines |   5576 |   5298 |    278 |    742 |   3253 |   2 | 2788.0 |
      Ice Cave |   1374 |   1374 |      0 |    427 |    515 |   1 | 1374.0 |
         Arena |     29 |     29 |      0 |     18 |      0 |   1 |   29.0 |
               +--------+--------+--------+--------+--------+-----+--------+

Top non-repeatable levels by time:
   Orc:2: 3987 daAuts
  Lair:5: 3345 daAuts
  Lair:2: 3287 daAuts
  Lair:3: 3244 daAuts
  Lair:4: 2516 daAuts
    D:10: 2161 daAuts
     D:5: 2144 daAuts
  Lair:1: 2105 daAuts
     D:4: 1965 daAuts
     D:7: 1813 daAuts
     D:6: 1782 daAuts
     D:9: 1646 daAuts
   Orc:1: 1588 daAuts
    D:12: 1425 daAuts
   IceCv: 1374 daAuts
